 Dungeon Crawl Stone Soup version 0.28.0-43-g3370ac3207 (webtiles) character file.

Game seed: 9059356412092183228

76 ultragoat the Ruffian (level 4, -1/37 HPs)
             Began as a Draconian Transmuter on Mar 21, 2022.
             Slain by an endoplasm (3 damage)
             ... on level 2 of the Dungeon.
             The game lasted 00:06:33 (2363 turns).

ultragoat the Ruffian (Draconian Transmuter)        Turns: 2363, Time: 00:06:33

Health: -1/37      AC:  5    Str: 13    XL:     4   Next: 12%
Magic:  7/7        EV: 12    Int: 15    God:
Gold:   64         SH:  0    Dex: 11    Spells: 7/8 levels left

rFire   . . .      SeeInvis .     - Unarmed
rCold   . . .      Faith    .   (no shield)
rNeg    . . .      Spirit   .   (armour unavailable)
rPois   .          Reflect  .   (helmet restricted)
rElec   .          Harm     .   (no cloak)
rCorr   .          Rampage  .   (no gloves)
Will    .....                   (no boots)
Stlth   +.........              (no amulet)
HPRegen 0.12/turn               (no ring)
MPRegen 0.10/turn               (no ring)

@: no status effects
A: AC +5, unfitting armour, cold-blooded
a: no special abilities


You were on level 2 of the Dungeon.
You visited 1 branch of the dungeon, and saw 3 of its levels.

You collected 64 gold pieces.

Inventory:

Wands
 h - a wand of flame (20)
Scrolls
 a - 3 scrolls of identify {unknown}
 c - a scroll of magic mapping {unknown}
 e - 2 scrolls of noise {unknown}
 f - a scroll of teleportation
Potions
 b - 2 potions of curing
 d - a potion of ambrosia {unknown}
 g - a potion of brilliance {unknown}
 i - a potion of haste {unknown}


   Skills:
 + Level 2.3 Fighting
 + Level 2.3 Dodging
 + Level 3.3 Unarmed Combat
 + Level 2.5 Spellcasting
 * Level 2.7 Transmutations


You had 7 spell levels left.
You knew the following spells:

 Your Spells              Type           Power      Damage    Failure   Level
a - Beastly Appendage     Tmut           20%        N/A       7%          1

Your spell library contained the following spells:

 Spells                   Type           Power      Damage    Failure   Level
 Wereblood                Tmut           10%        N/A       11%         2
 Summon Small Mammal      Summ           4%         N/A       22%         1
 Spider Form              Tmut/Pois      5%         N/A       36%         3
 Call Canine Familiar     Summ           1%         N/A       54%         3
 Summon Guardian Golem    Hex/Summ       1%         N/A       54%         3
 Ice Form                 Ice/Tmut       5%         N/A       77%         4


Dungeon Overview and Level Annotations

Branches:
Dungeon (3/15)

Altars:
Trog
The Shining One

Shops:
D:1 [

Annotations:
D:2 Sigmund


Innate Abilities, Weirdness & Mutations

Your plain brown scales are hard. (AC +5)
You cannot fit into any form of body armour.
You are cold-blooded and may be slowed by cold attacks.


Message History

The jackal closely misses you.
The jackal bites you but does no damage.
A frilled lizard comes into view.
The frilled lizard closely misses you.
You barely miss the frilled lizard. The frilled lizard barely misses you.
The orc throws a stone.
The stone barely misses you.
You closely miss the frilled lizard. The frilled lizard barely misses you.
The jackal misses you. The jackal closely misses you.
You completely miss the frilled lizard.
A bullfrog skeleton comes into view.
The orc priest looks braver for a moment.
The jackal bites you.
The frilled lizard bites you but does no damage.
The jackal bites you.
You miss the frilled lizard. You tail-slap the frilled lizard.
You kill the frilled lizard!
The jackal bites you but does no damage.
The jackal misses you.
As you read the scroll labelled NESACO QESAKK, it crumbles to dust.
You feel strangely unstable.
It was a scroll of teleportation.
The jackal barely misses you. The jackal bites you.
The orc priest hits you with a +0 hand axe.
Sigmund misses you.
The jackal bites you but does no damage. x2
The orc priest looks encouraged for a moment.
The jackal closely misses you.
Sigmund is suddenly surrounded by pale green light.
Okay, then.
Your surroundings suddenly seem different.
An orc comes into view. It is wielding a +0 whip.
The endoplasm quivers.
The orc shouts!
The endoplasm barely misses you.
An orc priest comes into view. It is wielding a +0 mace.
The orc priest shouts!
The orc priest calls down the wrath of Beogh upon you.
Pain shoots through your body!
* * * LOW HITPOINT WARNING * * *
The endoplasm hits you.
You die...

....### ...### #.#
..#...# #........#
##.#. ### ..#.#.#
#........##. .. #####.#
#.......... ###.
......# #...........o.
.## ...####
#.........#.####o. #
....# #.......#...
..#.## .# .#.####
#......(#.####.#..#..##
......#
#...<.@J.o.....#......#
##.##.#
#......###.##.....#....
#....#
#.............o......##
####.#
#.......####...........
#####.#
######.......#......#.#
......#
##...............#
......#
######......####
......# #.......#
......# #^......#


You could see an orc and an endoplasm.

Vanquished Creatures
  3 adders
  2 dart slugs
  4 bats
  2 endoplasms
  2 giant cockroaches
  6 goblins
  2 hobgoblins (D:3)
  8 jackals
  5 kobolds
  4 ball pythons
  A frilled lizard (D:2)
  3 rats
42 creatures vanquished.

Notes
Turn   | Place    | Note
-------+----------+-------------------------------------------
     0 | D:1      | ultragoat the Draconian Transmuter began the quest for the
                  | Orb.
     0 | D:1      | Reached XP level 1. HP: 16/16 MP: 3/3
   115 | D:1      | Found Latacvyo's Antique Armour Emporium.
   359 | D:1      | Reached XP level 2. HP: 21/23 MP: 5/5
   371 | D:1      | Found a faded altar of an unknown god.
  1171 | D:2      | Reached XP level 3. HP: 27/29 MP: 4/6
  1764 | D:3      | Found a glowing golden altar of the Shining One.
  1934 | D:3      | Found a bloodstained altar of Trog.
  2318 | D:2      | Noticed Sigmund
  2331 | D:2      | Reached XP level 4. HP: 21/37 MP: 5/7
  2363 | D:2      | Slain by an endoplasm

Illustrated notes

Levels and vault maps discovered:
D:1:      elethiomel_arrival_quiet, layout_basic, serial_shops, shop,
          ebering_ecumenical_altar_mist
D:2:      layout_basic, uniq_sigmund
D:3:      layout_basic, general_overflow_altar,
          mainiacjoe_overflow_surrounded_room, nicolae_yredelemnul_ghost_church

Skill      XL: |  1  2  3 |
---------------+----------+-----
Dodging        | 2 |  2.3
Fighting       | 2 |  2.3
Unarmed Combat | |  3.3
Spellcasting   | |  2.5
Transmutations | |  2.7

Action                   |  1- 3 |  4- 6 || total
-------------------------+-------+-------++-------
Melee: Unarmed           |   126 |     6 ||   132
       Kick              |    16 |     1 ||    17
       Tailslap          |    10 |     1 ||    11
       Headbutt          |     7 |       ||     7
       Punch             |     4 |       ||     4
 Cast: Beastly Appendage |    13 |       ||    13
  Use: Potion            |     1 |       ||     1
       Scroll            |       |     1 ||     1
 Stab: Sleeping          |     1 |       ||     1
Armor: Skin              |    40 |     6 ||    46
Dodge: Dodged            |    91 |    15 ||   106
